 Dungeon Crawl Stone Soup version 0.25-a0-503-ge281fa673e (webtiles) character file.

Game seed: 11429378922118754802, levelgen mode: deterministic

326 kae the Insei (level 6, -6/48 HPs)
             Began as a Demonspawn Gladiator on Feb 13, 2020.
             Was an Initiate of Wu Jian.
             Mangled by an ogre
             ... wielding a +0 giant spiked club
              (26 damage)
             ... on level 4 of the Dungeon.
             The game lasted 00:04:38 (4451 turns).

kae the Insei (Demonspawn Gladiator)                Turns: 4451, Time: 00:04:38

Health: -6/48      AC:  4    Str: 15    XL:     6   Next: 24%
Magic:  6/6        EV: 16    Int:  9    God:    Wu Jian [......]
Gold:   163        SH:  0    Dex: 16    Spells: 5/5 levels left

rFire    . . .     SeeInvis .     - Unarmed
rCold    . . .     Gourm    .   (no shield)
rNeg     . . .     Faith    .   a - +0 leather armour
rPois    .         Spirit   .   b - +0 helmet
rElec    .         Reflect  .   (no cloak)
rCorr    .         Harm     .   (no gloves)
MR       .....                  (no boots)
Stlth    +.........             (no amulet)
HPRegen  0.16/turn              (no ring)
MPRegen  0.10/turn              (no ring)

@: studying Unarmed Combat
A: hooves 2, repulsion field 2, powered by pain 1
a: Renounce Religion


You were on level 4 of the Dungeon.
You worshipped Wu Jian.
Wu Jian was noncommittal.
You were not hungry.

You visited 1 branch of the dungeon, and saw 4 of its levels.

You collected 163 gold pieces.

Inventory:

Missiles
 c - 3 throwing nets (quivered)
Armour
 a - a +0 leather armour (worn)
 b - a +0 helmet (worn)
Scrolls
 e - a scroll of remove curse
 k - a scroll of noise
Potions
 f - 2 potions of haste
 h - 3 potions of ambrosia
 i - 2 potions of cancellation
 j - 3 potions of heal wounds
 l - 3 potions of curing {unknown}
 m - a potion of lignification {unknown}
Books
 g - a manual of Unarmed Combat
Comestibles
 d - 7 rations
 n - 4 chunks of flesh


   Skills:
 + Level 4.0 Fighting
 - Level 1.7 Throwing
 - Level 2.6 Dodging
 * Level 6.2 Unarmed Combat


You had 5 spell levels left.
You didn't know any spells.
Your spell library was empty.

Dungeon Overview and Level Annotations

Branches:
Dungeon (4/15)
 Temple: D:4-7

Altars:
Hepliaklqana
Qazlal
Trog
Uskayaw
Wu Jian
Yredelemnul
Zin


Innate Abilities, Weirdness & Mutations

You have hoof-like feet.
You are surrounded by a moderate repulsion field. (EV +3)
You sometimes gain a little power by taking damage.


Message History

You are too injured to fight recklessly!
You are too injured to fight recklessly!
You are too injured to fight recklessly!
You are too injured to fight recklessly!
You are too injured to fight recklessly!
You hit the ogre. You kick the ogre, but do no damage.
The ogre is severely wounded.
You hit the ogre.
The ogre is severely wounded.
The ogre misses you.
You hit the ogre but do no damage. You kick the ogre, but do no damage.
The ogre is severely wounded.
The ogre hits you with a +0 giant spiked club!
You hit the ogre. Your punch misses the ogre.
The ogre is almost dead.
You barely miss the ogre.
The ogre is almost dead.
The ogre hits you with a +0 giant spiked club!!
Ouch! That really hurt!
You die...

........##.#.##.##.##
#......#......#...##
#..........###.....##
####..#######.......#
#..# #.......#
.#####..# #.......#
#........# ##.....##
######...## ##...##
#...@.# ###.##
#....O..# ##.#.#
#.........####....#####
+.........'............
#.........###.....###.#
##.......## #.#.#.#
##.....## #.###.#
##...## #.#..รท###.#
#.........#


You could see an ogre.

Vanquished Creatures
  An ogre (D:4)
  A scorpion (D:4)
  A worker ant (D:4)
  5 adders
  An ooze (D:4)
  3 worms
  3 dart slugs
  5 leopard geckos
  10 orcs
  2 ball pythons
  5 bats
  5 giant cockroaches
  9 goblins
  9 hobgoblins
  4 jackals
  7 kobolds
  3 quokkas
  4 frilled lizards
  13 rats
91 creatures vanquished.

Notes
Turn   | Place    | Note
-------+----------+-------------------------------------------
     0 | D:1      | kae the Demonspawn Gladiator began the quest for the Orb.
     0 | D:1      | Reached XP level 1. HP: 16/16 MP: 1/1
    55 | D:1      | Reached skill level 3 in Unarmed Combat
   268 | D:1      | Gained mutation: You have large cloven feet. [demonic
                  | ancestry]
   268 | D:1      | Reached XP level 2. HP: 19/22 MP: 2/2
   634 | D:1      | Gained mutation: You have hoof-like feet. [demonic
                  | ancestry]
   634 | D:1      | Reached XP level 3. HP: 24/28 MP: 3/3
  1325 | D:2      | Found a hazy altar of Hepliaklqana.
  1366 | D:2      | Reached skill level 4 in Unarmed Combat
  1568 | D:2      | Gained mutation: You sometimes gain a little power by
                  | taking damage. [demonic ancestry]
  1568 | D:2      | Reached XP level 4. HP: 33/34 MP: 4/4
  2575 | D:3      | Found a basalt altar of Yredelemnul.
  2614 | D:3      | Noticed a moth of wrath
  3157 | D:3      | Found a bloodstained altar of Trog.
  3550 | D:3      | Found a stormy altar of Qazlal.
  3673 | D:3      | Gained mutation: You are surrounded by a mild repulsion
                  | field. (EV +2) [demonic ancestry]
  3673 | D:3      | Reached XP level 5. HP: 39/41 MP: 5/5
  3715 | D:3      | Found a glowing silver altar of Zin.
  3949 | D:4      | Found an ornate altar of the Wu Jian Council.
  3978 | D:4      | Reached skill level 5 in Unarmed Combat
  4036 | D:4      | Became a worshipper of the Wu Jian Council
  4042 | D:4      | Noticed a +0 hand axe
  4042 | D:4      | Noticed a +0 hand axe
  4045 | D:4      | Found a hide-covered altar of Uskayaw.
  4283 | D:4      | Noticed an ogre
  4293 | D:4      | Killed an ogre
  4293 | D:4      | Reached skill level 6 in Unarmed Combat
  4293 | D:4      | Gained mutation: You are surrounded by a moderate repulsion
                  | field. (EV +3) [demonic ancestry]
  4293 | D:4      | Reached XP level 6. HP: 38/48 MP: 6/6
  4451 | D:4      | Mangled by an ogre

Levels and vault maps discovered:
D:1:      dpeg_arrival_round_c, layout_loops_corners
D:2:      layout_basic, overflow_temple_1_default
D:3:      layout_rooms, nicolae_overflow_crystal_walls, tgw_trog,
          old_standard_altar, zin_scriptorium, first_ration, serial_glass,
          glass_columns_b, glass_columns_a, due_unseen_surprise,
          serial_bayou_pond_c, corexii_shack
D:4:      layout_loops_corners, lemuel_doored_altar, dancing_weapons_uskayaw,
          portal_sewer_entry_a, minmay_manual_monstrance

Skill      XL: |  1  2  3  4  5 |
---------------+----------------+-----
Unarmed Combat | 3 4 6 |  6.2
Fighting       | 3 4 |  4.0
Throwing       | |  1.7
Dodging        | |  2.6

Action                   |  1- 3 |  4- 6 || total
-------------------------+-------+-------++-------
Melee: Unarmed           |   119 |   177 ||   296
       Kick              |    24 |    57 ||    81
       Punch             |     1 |     2 ||     3
Invok: Lunge             |       |     2 ||     2
  Use: Scroll            |     2 |     4 ||     6
       Potion            |       |     1 ||     1
  Eat: Chunk             |     2 |     9 ||    11
Armor: Leather armour    |    31 |    39 ||    70
Dodge: Dodged            |    64 |    85 ||   149

Table legend:
 A = Non-vault XP
 B = Vault XP
 C = Vault XP percentage of total XP
 D = Non-vault monster count
 E = Vault monster count
 F = Vault count percentage of total count
                 A         B        C        D         E       F
            +---------+---------+-------+---------+---------+-------
      Total |     438 |      28 |   6.0 |      82 |       9 |   9.9
            +---------+---------+-------+---------+---------+-------
        D:1 |      50 |       0 |   0.0 |      29 |       0 |   0.0
        D:2 |      87 |       0 |   0.0 |      22 |       0 |   0.0
        D:3 |      60 |      15 |  20.0 |      21 |       6 |  22.2
        D:4 |     241 |      13 |   5.1 |      10 |       3 |  23.1
            +---------+---------+-------+---------+---------+-------
